 Dungeon Crawl Stone Soup version 0.25.1-9-gc5326a611f (webtiles) character file.

Game seed: 3833210983575272584

8 sahdkjhfkaj the Skirmisher (level 2, 32/32 HPs)
             Began as a Troll Wanderer on Feb 16, 2021.
             Quit the game on level 1 of the Dungeon.
             The game lasted 00:01:40 (474 turns).

sahdkjhfkaj the Skirmisher (Troll Wanderer)          Turns: 474, Time: 00:01:41

Health: 32/32      AC:  6    Str: 18    XL:     2   Next: 0%
Magic:  1/1        EV: 10    Int:  9    God:
Gold:   76         SH:  0    Dex:  9    Spells: 1/1 levels left

rFire    . . .     SeeInvis .     - Unarmed
rCold    . . .     Gourm    +   (no shield)
rNeg     . . .     Faith    .   e - +0 robe (curse)
rPois    .         Spirit   .   (helmet restricted)
rElec    .         Reflect  .   (no cloak)
rCorr    .         Harm     .   (gloves unavailable)
MR       .....                  (boots unavailable)
Stlth    +.........             (no amulet)
HPRegen  0.50/turn              (no ring)
MPRegen  0.07/turn              (no ring)

@: no status effects
A: large, unfitting armour, claws 3, fast metabolism 3, gourmand, regeneration
1, shaggy fur 1, tough skin 3
a: no special abilities


You were on level 1 of the Dungeon.
You were very full.

You visited 1 branch of the dungeon, and saw 1 of its levels.

You collected 76 gold pieces.

Inventory:

Armour
 e - a cursed +0 robe (worn)
Jewellery
 a - an uncursed ring of protection from fire {unknown}
 g - a cursed -4 ring of protection {unknown}
Scrolls
 c - a scroll of teleportation {!r}
Potions
 d - 2 potions of curing {!q, unknown}
Miscellaneous
 b - a box of beasts
Comestibles
 f - 2 rations


   Skills:
 - Level 4.1 Fighting
   Level 1.0 Maces & Flails
 - Level 1.0 Throwing
 - Level 1.5 Dodging
 + Level 1.6 Unarmed Combat
 - Level 1.0 Evocations


You had one spell level left.
You didn't know any spells.
Your spell library was empty.

Dungeon Overview and Level Annotations

Branches:
Dungeon (1/15)

Altars:


Innate Abilities, Weirdness & Mutations

You are too large for most types of armour.
You have claws for hands.
Your metabolism is lightning-fast.
You like to eat raw meat.
Your natural rate of healing is unusually fast.
You are covered in fur. (AC +1)
You have extremely tough skin. (AC +3)


Message History

You claw the goblin!
You kill the goblin!
You have reached level 2!
Found 13 bolts.
Things that are here:
a +0 dagger; a goblin corpse You butcher the goblin corpse.
h - 2 chunks of flesh
Things that are here:
a +0 dagger; a goblin skeleton
Things that are here:
a +0 dagger; a goblin skeleton Eating one of 2 chunks of flesh.
You eat one of the 2 chunks of flesh.
This raw flesh tastes great.
Eating a chunk of flesh.
You eat the chunk of flesh.
This raw flesh tastes great.
A bat comes into view.
Found a chain mail.
A bat is nearby!
Are you sure you want to abandon this character and quit the game? (Confirm with "yes".)

b≈≈≈≈≈≈≈. ###
[≈.≈≈≈≈.. #..
...≈≈P≈.. #.#
#.≈≈≈P..#
#.####.≈≈≈≈... ###
#.#....≈≈≈≈≈..
##.######.#.#...P≈≈≈..
#.............@P≈≈≈P.#
##.##########)≈≈≈≈≈≈.#
#.# #..≈≈≈≈... #.#
#..≈≈≈≈..# #.#
#.≈≈≈≈P.(# #.##
#.≈≈≈≈≈≈.. #..###
...≈≈≈≈≈.. #####.#.###
...≈≈≈...#
..........###
..≈≈≈≈...


You could see a bat (asleep).

Vanquished Creatures
  A leopard gecko (D:1)
  A bat (D:1)
  A giant cockroach (D:1)
  2 goblins (D:1)
  A hobgoblin (D:1)
6 creatures vanquished.

Notes
Turn   | Place    | Note
-------+----------+-------------------------------------------
     0 | D:1      | sahdkjhfkaj the Troll Wanderer began the quest for the Orb.
     0 | D:1      | sahdkjhfkaj set off with the following items: a +0 mace, a
                  | box of beasts, a scroll of teleportation {@r4}, a +0 robe,
                  | 2 rations {!d}
     0 | D:1      | Reached XP level 1. HP: 24/24 MP: 0/0
   194 | D:1      | Reached skill level 1 in Unarmed Combat
   467 | D:1      | Reached XP level 2. HP: 31/32 MP: 1/1
   474 | D:1      | Quit the game

Illustrated notes

Levels and vault maps discovered:
D:1:      lightli_arrival_boilingwater, layout_loops_corners,
          hangedman_glass_teeth, chequers_big_river, minmay_misc_feat_chi

Skill      XL: |  1 |
---------------+----+-----
Unarmed Combat | 1 |  1.6
Fighting       | |  4.1
Maces & Flails | |  1.0
Throwing       | |  1.0
Dodging        | |  1.5
Evocations     | |  1.0

Action                   || total
-------------------------++-------
Melee: Unarmed           ||    19
  Eat: Chunk             ||     8
Armor: Robe              ||    10
Dodge: Dodged            ||    10
